 Dungeon Crawl Stone Soup version 0.19.0-11-g3fc08b3 (webtiles) character file.

6314 inmateoo the Gouger (level 10, -1/48 HPs)
             Began as a Felid Abyssal Knight on Nov 8, 2016.
             Was an Elder of Lugonu.
             Slain by a spiny frog (21 damage)
             ... on level 3 of the Lair of Beasts.
             The game lasted 00:25:01 (18782 turns).

inmateoo the Gouger (Felid Abyssal Knight)         Turns: 18782, Time: 00:25:02

Health: -1/48      AC:  4    Str: 13 (14) XL:     10   Next: 64%
Magic:  23/24      EV: 27    Int: 14      God:    Lugonu [****..]
Gold:   231        SH:  2    Dex: 16 (17) Spells: 0 memorised, 9 levels left
                                        Lives:  0   Deaths: 2

rFire  + . .     SeeInvis +       - Unarmed
rCold  . . .     Gourm    .     (armour unavailable)
rNeg   . . .     Faith    .     (shield unavailable)
rPois  .         Spirit   .     (helmet unavailable)
rElec  .         Reflect  +     (cloak unavailable)
rCorr  +         Harm     .     (gloves unavailable)
MR     +....                    (boots unavailable)
Stlth  ++++......               h - +2 amulet of reflection
                                D - ring of magical power
                                G - ring of Tezin {rCorr rF+ Str+2}

@: quick
A: no armour, no weapons or thrown items, stealth, claws 1, fangs 3, molten
scales 1, see invisible, carnivore 3, deterioration 1, speed 1, mutation
resistance 1, sense surroundings 1, shaggy fur 2, slow metabolism 1, strong 1,
sharp paws
a: Depart the Abyss, Bend Space, Banish, Corrupt, Renounce Religion


You were on level 3 of the Lair of Beasts.
You worshipped Lugonu.
Lugonu was greatly pleased with you.
You were very full.

You visited 2 branches of the dungeon, and saw 15 of its levels.
You visited the Abyss 1 time.

You collected 689 gold pieces.
You spent 458 gold pieces at shops.

Inventory:

Jewellery
 h - a +2 amulet of reflection (around neck)
 w - an uncursed ring of ice
 D - a ring of magical power (right paw)
 G - the ring of Tezin (left paw) {rCorr rF+ Str+2}
   (You bought it in a shop on level 9 of the Dungeon)

   [ring of resist corrosion]

   It affects your strength (+2).
   It protects you from fire.
 L - an uncursed ring of magical power
Wands
 f - a wand of acid (0/15)
 u - a wand of paralysis (0/24)
 A - a wand of lightning (5/15)
 F - a wand of flame (15/48)
 H - a wand of flame (12/48)
 I - a wand of lightning (8/15)
Scrolls
 e - 7 scrolls of identify
 m - a scroll of teleportation
 o - a scroll of remove curse
 p - 2 scrolls of blinking
 q - a scroll of amnesia
 r - a scroll of fog
Potions
 c - 6 potions of curing
 d - 3 potions of haste
 k - a potion of agility
 l - 3 potions of brilliance
 n - 2 potions of heal wounds
 s - a potion of might
 t - 2 potions of flight
 v - 2 potions of magic
 x - 2 potions of cure mutation
 C - a potion of resistance
 E - 2 potions of ambrosia
Comestibles
 a - 10 meat rations
 b - 4 beef jerkies
 g - 4 slices of pizza


   Skills:
 + Level 7.9 Fighting
 + Level 11.1 Dodging
 - Level 7.0 Stealth
 * Level 12.8 Unarmed Combat
 + Level 6.5 Invocations
 - Level 6.0 Evocations


You had 9 spell levels left.
You didn't know any spells.

Dungeon Overview and Level Annotations

Branches:
Dungeon (12/15)            Temple (0/1) D:4            Lair (3/6) D:10
    Orc (0/2) D:11
  Swamp: Lair:2-4    Shoals: Lair:2-4     Snake: Lair:2-4    Spider: Lair:2-4

Altars:
Ashenzari
Cheibriados
Elyvilon
Fedhas
Kikubaaqudgha
Makhleb
Nemelex Xobeh
Qazlal
Ru
Uskayaw
Xom
Yredelemnul
Zin

Shops:
D:9 =

Annotations:
D:11 corrupted
D:12 Kirke
Lair:2 exclusion: 2 centaurs


Innate Abilities, Weirdness & Mutations

You cannot wear armour.
You are incapable of wielding weapons or throwing items.
Your paws allow you to move quietly. (Stealth)
You have sharp claws.
You have razor-sharp teeth.
You have supernaturally acute eyesight. (SInv)
You are carnivorous and can eat meat at any time.
You cover ground quickly.
You are covered in thick fur. (AC +2)
You have a slow metabolism.
Your sharp claws are effective at attacking unaware monsters.
You are partially covered in molten scales. (AC +2)
Your body sometimes deteriorates upon taking damage.
You are somewhat resistant to further mutation.
You passively map a small area around you.
Your muscles are strong. (Str +2)


Message History

The water moccasin is almost dead.
The water moccasin closely misses you.
You claw the water moccasin!
You kill the water moccasin!
Lugonu accepts your kill.
There is a stone staircase leading down, spattered with blood here.
Put on which piece of jewellery? (? for menu, Esc to quit)
Okay, then.
You climb downwards.
The wolf completely misses you. The spiny frog stings you!!
Your body deteriorates!
You feel clumsy. The wolf misses you.
There is a stone staircase leading up, spattered with blood here.
Space bends sharply around you!
You blink.
The spiny frog completely misses you.
You scratch the spiny frog but do no damage.
Your bite misses the spiny frog. The wolf bites you.
Found a war axe.
You closely miss the spiny frog. The spiny frog stings you!!
You die...

#####.#.##### *
#...........##,
,
#P............
#..<........# ,
, #............
##.........# ,
#...%.h....# ,
#.##.#F#..##
##*#..@#.#.#
##.#.....# ...
....... , ,
#.... #..#.#. ,
, #...#, ......
, #... .....
#... , ..... ,
#... , ,...).
,, , * , *


You could see a spiny frog and a wolf.

Vanquished Creatures
  Nergalle (D:11)
  An unseen horror (D:10)
  A cyclops (D:12)
  2 ugly things (D:10)
  A black mamba (Lair:1)
  Joseph (Lair:1)
  5 spiny frogs
  A centaur skeleton (D:10)
  A two-headed ogre (D:11)
  5 hippogriffs
  A centaur simulacrum (D:11)
  A wraith (D:10)
  8 yaks
  A hog (D:12)
  A wyvern (Lair:2)
  A hungry ghost (D:8)
  3 water moccasins
  2 porcupines
  6 ice beasts
  A sky beast (D:8)
  An orc warrior (D:8)
  2 black bears
  3 phantoms
  5 ogres
  A necrophage (D:10)
  12 wolves
  10 centaurs
  4 crocodiles
  A big kobold (D:8)
  7 bullfrogs
  Blork the orc (D:4)
  A scorpion (D:6)
  9 killer bees
  An electric eel (D:11)
  3 wights (D:7)
  2 howler monkeys
  2 crimson imps
  A bullfrog zombie (D:12)
  4 jellies
  2 hounds
  2 orc priests (D:11)
  2 orc wizards
  2 bullfrog skeletons
  3 iguanas
  7 worker ants
  A killer bee zombie (D:7)
  A hound zombie (D:6)
  A hound skeleton (D:4)
  3 worker ant zombies
  11 gnolls
  12 adders
  A shadow imp (D:5)
  14 white imps
  A worker ant simulacrum (D:11)
  An ooze (D:1)
  2 adder zombies
  A worm (D:3)
  2 dart slugs
  11 leopard geckos
  18 orcs
  8 bats
  8 giant cockroaches
  2 gnoll zombies (D:6)
  12 goblins
  10 hobgoblins
  3 jackals (D:7)
  5 quokkas
  7 frilled lizards
  13 kobolds
  A leopard gecko skeleton (D:4)
  2 quokka skeletons (D:4)
  5 rats
288 creatures vanquished.

Vanquished Creatures (others)
  The ghost of DEFE the Basher, a journeyman MiFi of the Shining One (D:12)
  2 hydras (D:11)
  The ghost of Galewind the Thaumaturge, a journeyman DECj of Vehumet (Lair:1)
  2 ugly things
  A manticore (D:11)
  A vampire (D:11)
  A mottled dragon (D:11)
  2 ice beasts (D:11)
  3 centaurs (D:11)
  A big kobold (D:11)
  A scorpion (D:11)
  3 electric eels (D:11)
  A jelly (D:11)
  A bullfrog skeleton (D:11)
  2 orc wizards (D:11)
  A bullfrog simulacrum (D:11)
  A white imp (D:11)
  An ufetubus (D:11)
  2 orcs (D:11)
  A plant (D:11)
29 creatures vanquished.

Grand Total: 317 creatures vanquished

Notes
Turn   | Place    | Note
-------+----------+-------------------------------------------
     0 | Abyss:1  | inmateoo the Felid Abyssal Knight began the quest for the Orb.
     0 | Abyss:1  | Reached XP level 1. HP: 10/10 MP: 3/3
     8 | Abyss:1  | Noticed a chaos spawn
    10 | Abyss:1  | Noticed a chaos spawn
    10 | Abyss:1  | Noticed a chaos spawn
    12 | Abyss:1  | Found a corrupted altar of Lugonu.
    33 | D:1      | Escaped the Abyss
   289 | D:1      | Reached XP level 2. HP: 14/14 MP: 4/4
   583 | D:1      | Reached skill level 1 in Stealth
   804 | D:1      | Reached ** piety under Lugonu
   809 | D:1      | Reached XP level 3. HP: 13/17 MP: 5/5
  1189 | D:2      | Found a shimmering altar of Xom.
  1192 | D:2      | Found a snail-covered altar of Cheibriados.
  1192 | D:2      | Found a hide-covered altar of Uskayaw.
  1192 | D:2      | Found a sparkling altar of Nemelex Xobeh.
  1192 | D:2      | Found a shattered altar of Ashenzari.
  1193 | D:2      | Found a stormy altar of Qazlal.
  1559 | D:2      | Found a blossoming altar of Fedhas.
  1561 | D:2      | Found an ancient bone altar of Kikubaaqudgha.
  1710 | D:3      | Reached skill level 3 in Unarmed Combat
  1710 | D:3      | Reached XP level 4. HP: 21/21 MP: 6/6
  2470 | D:3      | Found a burning altar of Makhleb.
  2496 | D:3      | Reached XP level 5. HP: 10/24 MP: 7/7
  2658 | D:3      | Reached *** piety under Lugonu
  3240 | D:4      | Noticed Blork the orc
  3262 | D:4      | Killed Blork the orc
  3262 | D:4      | Reached skill level 4 in Unarmed Combat
  3316 | D:4      | Gained mutation: You are covered in thick fur. (AC +2) [Felid growth]
  3316 | D:4      | Reached XP level 6. HP: 12/28 MP: 8/8
  3655 | D:4      | Found a sacrificial altar of Ru.
  4013 | D:4      | Found a staircase to the Ecumenical Temple.
  4218 | D:5      | Entered Level 5 of the Dungeon
  4354 | D:5      | Reached skill level 5 in Dodging
  4840 | D:6      | Found a shattered altar of Ashenzari.
  4840 | D:6      | Noticed an ice beast
  4849 | D:6      | Killed an ice beast
  4849 | D:6      | Reached skill level 5 in Unarmed Combat
  4849 | D:6      | Reached XP level 7. HP: 22/32 MP: 10/10
  5063 | D:6      | Reached skill level 5 in Stealth
  5470 | D:6      | Found a basalt altar of Yredelemnul.
  5792 | D:6      | Reached XP level 8. HP: 23/36 MP: 11/11
  6014 | D:6      | Reached skill level 6 in Unarmed Combat
  6767 | D:7      | Reached **** piety under Lugonu
  6775 | D:7      | HP: 1/36 [wight/war axe of freezing (3)]
  7876 | D:7      | Reached skill level 7 in Unarmed Combat
  8135 | D:7      | Reached skill level 5 in Invocations
  8853 | D:8      | Reached skill level 8 in Unarmed Combat
  8853 | D:8      | Reached XP level 9. HP: 22/39 MP: 13/13
  8865 | D:8      | Gained mutation: You are partially covered in molten scales. (AC +2) [mutagenic meat]
  8866 | D:8      | Gained mutation: Your body sometimes deteriorates upon taking damage. [mutagenic meat]
  8867 | D:8      | Gained mutation: You passively map a small area around you. [mutagenic meat]
  8868 | D:8      | Gained mutation: You are somewhat resistant to further mutation. [mutagenic meat]
  8870 | D:8      | Gained mutation: Your muscles are strong. (Str +2) [mutagenic meat]
  9656 | D:9      | Found Soykkyg's Jewellery Emporium.
  9702 | D:9      | Found a glowing silver altar of Zin.
  9732 | D:10     | Entered Level 10 of the Dungeon
  9750 | D:10     | Reached skill level 9 in Unarmed Combat
 10147 | D:10     | Found a white marble altar of Elyvilon.
 10157 | D:10     | Found a staircase to the Lair.
 10797 | D:11     | Noticed a cyan ugly thing
 10801 | D:11     | Noticed Nergalle
 10980 | D:8      | Reached skill level 10 in Unarmed Combat
 11033 | D:8      | Reached skill level 5 in Fighting
 11094 | D:8      | Reached XP level 10. HP: 20/44 MP: 15/15
 11862 | D:11     | Found a staircase to the Orcish Mines.
 11863 | D:11     | Reached skill level 1 in Evocations
 11890 | D:11     | Noticed a six-headed hydra
 12100 | D:11     | Noticed a cyan ugly thing
 12120 | D:12     | Noticed a cyclops
 12140 | D:12     | Killed a cyclops
 12140 | D:12     | Reached ***** piety under Lugonu
 12374 | D:12     | Noticed a cyan ugly thing
 12381 | D:12     | Noticed DEFE's ghost (journeyman MiFi)
 12405 | D:11     | Noticed a green ugly thing
 12555 | D:11     | Killed Nergalle
 12676 | D:11     | Noticed a manticore
 12715 | D:11     | Reached skill level 11 in Unarmed Combat
 12824 | D:11     | Noticed an unseen horror
 12841 | D:10     | Killed an unseen horror
 13201 | D:10     | Killed a cyan ugly thing
 13221 | D:10     | Killed a cyan ugly thing
 13554 | D:10     | Reached XP level 11. HP: 24/49 MP: 16/16
 14387 | D:11     | Corrupted D:11
 14387 | D:11     | Noticed a shadow demon
 14387 | D:11     | Noticed a large abomination
 14387 | D:11     | Noticed a glowing orange brain
 14387 | D:11     | Noticed a seven-headed hydra
 14389 | D:11     | Killed from afar by an electric eel
 14390 | D:11     | Reached XP level 10. HP: -2/46 MP: 9/15
 14391 | D:11     | Killed a green ugly thing
 14391 | D:11     | Killed a seven-headed hydra
 14447 | D:11     | Killed a six-headed hydra
 14450 | D:11     | Noticed a thrashing horror
 14457 | D:11     | Noticed a starcursed mass
 14464 | D:11     | Noticed a phantasmal warrior
 14465 | D:11     | Noticed a rust devil
 14465 | D:11     | Noticed a worldbinder
 14661 | D:11     | Banished a manticore
 14906 | D:12     | Banished DEFE's ghost
 14927 | D:12     | Banished a cyan ugly thing
 15058 | D:12     | Noticed Kirke
 15069 | D:12     | Reached skill level 10 in Dodging
 15429 | D:9      | Bought the ring of Tezin {rCorr rF+ Str+2} for 458 gold pieces
 15482 | Lair:1   | Entered Level 1 of the Lair of Beasts
 15590 | Lair:1   | Reached skill level 5 in Evocations
 15884 | Lair:1   | Noticed Joseph
 15907 | Lair:1   | Killed Joseph
 15907 | Lair:1   | Reached skill level 12 in Unarmed Combat
 16166 | Lair:1   | Noticed a black mamba
 16457 | Lair:1   | Killed a black mamba
 16468 | Lair:1   | Noticed a spiny frog
 16474 | Lair:1   | Killed a spiny frog
 16624 | Lair:1   | Noticed Galewind's ghost (journeyman DECj)
 16637 | Lair:1   | Banished Galewind's ghost
 16914 | Lair:1   | Reached XP level 11. HP: 50/50 MP: 16/16
 17755 | Lair:2   | HP: 2/51 [spiny frog (12)]
 17756 | Lair:2   | Succumbed to a spiny frog's poison
 17757 | Lair:2   | Reached XP level 10. HP: 0/48 MP: 24/24
 18129 | Lair:2   | Killed a spiny frog
 18203 | Lair:2   | Noticed a spiny frog
 18211 | Lair:2   | Killed a spiny frog
 18308 | Lair:2   | Found a sacrificial altar of Ru.
 18678 | Lair:3   | Noticed a spiny frog
 18782 | Lair:3   | Slain by a spiny frog

Skill      XL: |  1  2  3  4  5  6  7  8  9 10 11 |
---------------+----------------------------------+-----
Stealth        | 1 2 3 4 5 7 |  7.0
Unarmed Combat | 3 4 5 8 10 12 | 12.8
Dodging        | 4 5 6 7 8 10 11 | 11.1
Invocations    | 2 3 5 6 |  6.5
Fighting       | 4 5 7 |  7.9
Evocations     | 5 6 |  6.0

Action                   |  1- 3 |  4- 6 |  7- 9 | 10-12 || total
-------------------------+-------+-------+-------+-------++-------
Melee: Unarmed           |    97 |   234 |   371 |   465 ||  1167
       Bite              |    10 |    20 |    32 |    67 ||   129
       Punch             |     2 |     5 |    14 |    30 ||    51
Invok: Banish            |       |       |       |    11 ||    11
       Bend Space        |       |       |       |     1 ||     1
       Corrupt           |       |       |       |     1 ||     1
Evoke: Wand              |       |       |     9 |    14 ||    23
  Use: Scroll            |       |       |    11 |    17 ||    28
       Potion            |       |       |     1 |     6 ||     7
 Stab: Sleeping          |    10 |    11 |    16 |     4 ||    41
       Distracted        |     1 |       |       |     2 ||     3
       Paralysed         |       |       |     1 |     3 ||     4
  Eat: Chunk             |     8 |     5 |    20 |    34 ||    67
Armor: Skin              |     8 |     4 |    30 |    20 ||    62
Dodge: Dodged            |    66 |   190 |   249 |   456 ||   961
Block: Other             |     4 |    11 |    16 |    22 ||    53
       Reflection        |       |       |       |     1 ||     1
